 Dungeon Crawl Stone Soup version 0.23.2-1-ga50397a (webtiles) character file.

Game seed: 13339032305284665829

7630 diana the Carver (level 10, -1/79 HPs)
             Began as a Demonspawn Gladiator on May 18, 2019.
             Was an Elder of Makhleb.
             Slain by a two-headed ogre
             ... wielding a +0 giant club
              (20 damage)
             ... on level 9 of the Dungeon.
             The game lasted 00:14:42 (9180 turns).

diana the Carver (Demonspawn Gladiator)             Turns: 9180, Time: 00:14:43

Health: -1/79      AC: 12    Str: 23    XL:     10   Next: 98%
Magic:  15/15      EV: 14    Int:  9    God:    Makhleb [****..]
Gold:   612        SH:  0    Dex: 14    Spells: 9/9 levels left

rFire    . . .     SeeInvis .   a - +0 long sword
rCold    + . .     Gourm    .   (no shield)
rNeg     . . .     Faith    .   I - +2 leather armour {rF+}
rPois    +         Spirit   .   c - +0 helmet
rElec    .         Reflect  .   g - +1 cloak
rCorr    .         Harm     .   (no gloves)
MR       .....                  (no boots)
Stlth    +.........             (no amulet)
HPRegen  0.23/turn              j - ring of ice
MPRegen  0.14/turn              m - +4 ring of strength

@: corroded, sanguine armour
A: hooves 2, blurry vision 1, deformed body, poison resistance, spiny 2, wild
magic 1, sanguine armour 3
a: Minor Destruction, Lesser Servant of Makhleb, Major Destruction, Renounce
Religion


You were on level 9 of the Dungeon.
You worshipped Makhleb.
Makhleb was greatly pleased with you.
You were not hungry.

You visited 1 branch of the dungeon, and saw 9 of its levels.

You collected 612 gold pieces.

Inventory:

Hand Weapons
 a - a +0 long sword (weapon)
Missiles
 d - 2 throwing nets (quivered)
Armour
 c - a +0 helmet (worn)
 g - a +1 cloak (worn)
 I - a +2 leather armour of fire resistance (worn)
Jewellery
 j - a ring of ice (left hand)
 m - a +4 ring of strength (right hand)
 D - an uncursed amulet of the acrobat
 K - an uncursed ring of flight {unknown}
 L - an uncursed ring of magical power {unknown}
Wands
 r - a wand of polymorph (19)
 u - a wand of enslavement (5)
 v - a wand of flame (17)
 w - a wand of clouds (5)
Scrolls
 b - 3 scrolls of fog {unknown}
 e - 5 scrolls of teleportation
 h - 2 scrolls of immolation
 l - 2 scrolls of enchant armour {unknown}
 n - 3 scrolls of remove curse
 o - 3 scrolls of magic mapping {unknown}
 p - a scroll of noise {unknown}
 s - 2 scrolls of amnesia
 t - 3 scrolls of blinking
 y - a scroll of random uselessness {unknown}
 F - a scroll of fear {unknown}
 G - 2 scrolls of brand weapon {unknown}
 H - a scroll of vulnerability {unknown}
 J - a scroll of identify
Potions
 i - 2 potions of heal wounds
 k - 2 potions of curing
 q - a potion of berserk rage
 x - a potion of brilliance
 z - a potion of might {unknown}
 A - a potion of lignification
 B - 3 potions of flight
 C - a potion of agility
 E - a potion of ambrosia {unknown}
Comestibles
 f - 19 rations
 M - 4 chunks of flesh


   Skills:
 + Level 7.4 Fighting
 * Level 9.8 Long Blades
 - Level 1.7 Throwing
 + Level 8.7 Armour
 + Level 4.3 Dodging
 + Level 6.8 Invocations


You had 9 spell levels left.
You didn't know any spells.
Your spell library contained the following spells:

 Spells                   Type           Power        Failure   Level  Hunger
 Freeze                   Ice            #...         50%         1    ##.....
 Throw Frost              Conj/Ice       #.....       65%         2    ###....
 Ozocubu's Armour         Chrm/Ice       #.......     86%         3    ####...
 Summon Ice Beast         Ice/Summ       #.......     99%         4    #####..
 Throw Icicle             Conj/Ice       #.......     99%         4    #####..


Dungeon Overview and Level Annotations

Branches:
Dungeon (9/15)             Temple (0/1) D:4
   Lair: D:8-11         Orc: D:9-12

Altars:
Dithmenos
Gozag
Kikubaaqudgha
Makhleb
Nemelex Xobeh
Qazlal
Ru
Trog
Wu Jian
The Shining One

Shops:
D:4 *   D:8 ((   D:9 *(:

Annotations:
D:7 3 runed translucent doors, Ratty's ghost, novice KoGl


Innate Abilities, Weirdness & Mutations

You have hoof-like feet.
You are mostly covered in sharp spines.
When seriously injured, your bleeding wounds create very thick armour. (AC +12)
Scrolls take you a little longer to read.
Armour fits poorly on your strangely shaped body.
Your system is resistant to poisons. (rPois)
Your spells are a little harder to cast, but a little more powerful.


Message History

The rust devil hits you. The rust devil corrodes you!
You climb downwards.
The centaur shoots an arrow.
The arrow hits you but does no damage. The two-headed ogre barely misses you.
The two-headed ogre hits you but does no damage.
The centaur shoots an arrow.
The arrow hits you but does no damage.
There is a stone staircase leading up, spattered with blood here.
You see here 3 arrows.
Really read with blurry vision while enemies are nearby?
Okay, then.
The centaur shoots an arrow.
The arrow hits you.
The centaur shoots an arrow.
The arrow hits you.
* * * LOW HITPOINT WARNING * * *
You see here an arrow.
The centaur shoots an arrow.
The arrow hits you but does no damage.
You see here a jackal skeleton.
The centaur shoots an arrow.
The arrow hits you.
* * * LOW HITPOINT WARNING * * *
The two-headed ogre is struck by your spines.
The two-headed ogre hits you with a +0 giant club!!
You die...

#.......### #...)..<# #.........
#.......# ## ###.......#
#.......# ##. #.........#
+.......# #.. #.......# #....[..#
#.# #......)#####...<...# #.#
#......((c.##.o4....# #.#
#.......#..##.÷O....# #.#
#..c...###..c.@.....# #.#
##.##..###..##.###'### #>#
#(###..#..###.###...# #.#
###..##.....##....)##+## #.#
#......................# ##'#
##..##.........##.......# #..)
#..####..._...####......# ###...
#...##.........##..(....####.+...
........................'........


You could see a two-headed ogre, a rust devil, an orc warrior and a centaur.

Vanquished Creatures
  A two-headed ogre (D:7)
  Pikel (D:7)
  A manticore (D:7)
  A deep elf mage (D:9)
  A queen bee (D:8)
  Grinder (D:6)
  4 fire bats (D:8)
  Grum (D:9)
  A hungry ghost (D:9)
  A hell hound (D:8)
  3 sky beasts
  A necrophage (D:6)
  3 orc warriors
  A phantom (D:5)
  4 slaves (D:7)
  3 wolves (D:9)
  7 ogres
  2 centaurs (D:5)
  Blork the orc (D:6)
  5 bullfrogs
  2 big kobolds
  A water moccasin zombie (D:8)
  3 scorpions
  20 killer bees
  2 howler monkeys (D:6)
  A crimson imp (D:9)
  A centaur zombie (D:8)
  3 orc priests
  6 hounds
  Crazy Yiuf (D:7)
  6 orc wizards
  A bullfrog skeleton (D:8)
  An iguana (D:6)
  Ijyb (D:3)
  7 worker ants
  A hound zombie (D:5)
  A worker ant zombie (D:5)
  10 adders
  14 gnolls
  A shadow imp (D:7)
  A white imp (D:6)
  An ooze (D:3)
  2 adder skeletons
  An adder zombie (D:5)
  5 worms
  2 dart slugs
  5 leopard geckos
  22 orcs
  A ball python (D:3)
  7 bats
  5 giant cockroaches
  14 goblins
  9 hobgoblins
  14 jackals
  18 kobolds
  6 quokkas
  A ball python skeleton (D:4)
  6 frilled lizards
  2 goblin skeletons (D:6)
  2 goblin zombies (D:6)
  2 hobgoblin zombies (D:6)
  A jackal skeleton (D:7)
  A kobold skeleton (D:6)
  A kobold zombie (D:6)
  An orc zombie (D:6)
  A quokka skeleton (D:5)
  9 rats
266 creatures vanquished.

Vanquished Creatures (others)
  2 fire vortices (D:8)
2 creatures vanquished.

Grand Total: 268 creatures vanquished

Notes
Turn   | Place    | Note
-------+----------+-------------------------------------------
     0 | D:1      | diana the Demonspawn Gladiator began the quest for the Orb.
     0 | D:1      | Reached XP level 1. HP: 16/16 MP: 1/1
   438 | D:1      | Gained mutation: When seriously injured, your bleeding
                  | wounds create armour. (AC +12) [demonic ancestry]
   438 | D:1      | Reached XP level 2. HP: 22/22 MP: 2/2
   478 | D:1      | Reached skill level 3 in Long Blades
   526 | D:1      | Reached skill level 1 in Armour
   911 | D:2      | Gained mutation: When seriously injured, your bleeding
                  | wounds create thick armour. (AC +12) [demonic ancestry]
   911 | D:2      | Reached XP level 3. HP: 25/28 MP: 3/3
   996 | D:2      | Found a sacrificial altar of Ru.
  1165 | D:2      | Found a burning altar of Makhleb.
  1165 | D:2      | Found an ancient bone altar of Kikubaaqudgha.
  1167 | D:2      | Found an ornate altar of the Wu Jian Council.
  1168 | D:2      | Found a bloodstained altar of Trog.
  1174 | D:2      | Became a worshipper of Makhleb the Destroyer
  1253 | D:2      | Gained mutation: You have large cloven feet. [demonic
                  | ancestry]
  1253 | D:2      | Reached XP level 4. HP: 34/34 MP: 4/4
  2526 | D:3      | Reached XP level 5. HP: 34/40 MP: 5/5
  2631 | D:3      | Reached * piety under Makhleb
  2662 | D:3      | Noticed Ijyb
  2701 | D:3      | Killed Ijyb
  2701 | D:3      | Reached skill level 4 in Long Blades
  3313 | D:4      | Gained mutation: When seriously injured, your bleeding
                  | wounds create very thick armour. (AC +12) [demonic
                  | ancestry]
  3313 | D:4      | Reached XP level 6. HP: 47/47 MP: 6/6
  3338 | D:4      | Found a staircase to the Ecumenical Temple.
  3665 | D:4      | Found Cugaumil's Elemental Accessories.
  3929 | D:5      | Entered Level 5 of the Dungeon
  4077 | D:5      | Noticed a sky beast
  4088 | D:5      | Killed a sky beast
  4088 | D:5      | Reached skill level 5 in Long Blades
  4088 | D:5      | Gained mutation: You are partially covered in sharp spines.
                  | [demonic ancestry]
  4088 | D:5      | Reached XP level 7. HP: 27/53 MP: 7/7
  4370 | D:5      | Reached ** piety under Makhleb
  4401 | D:5      | Reached skill level 5 in Armour
  4542 | D:5      | Gained mutation: You are mostly covered in sharp spines.
                  | [demonic ancestry]
  4542 | D:5      | Reached XP level 8. HP: 56/61 MP: 8/8
  4603 | D:5      | Reached skill level 6 in Long Blades
  5071 | D:6      | Noticed Blork the orc
  5081 | D:6      | Killed Blork the orc
  5108 | D:6      | Reached skill level 5 in Fighting
  5709 | D:6      | Noticed Grinder
  5721 | D:6      | Reached skill level 7 in Long Blades
  5721 | D:6      | Reached skill level 1 in Invocations
  5731 | D:6      | Killed Grinder
  5856 | D:6      | Found a glowing golden altar of the Shining One.
  5965 | D:6      | Reached XP level 9. HP: 68/68 MP: 10/10
  6079 | D:6      | Reached *** piety under Makhleb
  6125 | D:7      | Found a runed translucent gate.
  6125 | D:7      | Found a runed translucent gate.
  6125 | D:7      | Found a runed translucent gate.
  6168 | D:7      | Noticed Ratty's ghost (novice KoGl)
  6209 | D:7      | Noticed Pikel
  6229 | D:7      | Killed Pikel
  6229 | D:7      | Reached skill level 8 in Long Blades
  6338 | D:7      | Noticed a manticore
  6351 | D:7      | HP: 3/69 [manticore (4)]
  6351 | D:7      | HP: 1/69 [manticore (2)]
  6359 | D:7      | Killed a manticore
  6595 | D:7      | Found a runed translucent door.
  6596 | D:7      | Noticed Crazy Yiuf
  6607 | D:7      | Killed Crazy Yiuf
  7008 | D:7      | Noticed a two-headed ogre
  7246 | D:7      | Killed a two-headed ogre
  7246 | D:7      | Reached skill level 5 in Invocations
  7246 | D:7      | Gained mutation: You have hoof-like feet. [demonic
                  | ancestry]
  7246 | D:7      | Reached XP level 10. HP: 77/77 MP: 13/13
  7284 | D:7      | Found a sparkling altar of Nemelex Xobeh.
  7408 | D:8      | Found Jihoatai's Antique Weapon Shoppe.
  7525 | D:8      | Gained mutation: Scrolls take you a little longer to read.
                  | [potion of mutation]
  7525 | D:8      | Gained mutation: Armour fits poorly on your strangely
                  | shaped body. [potion of mutation]
  7525 | D:8      | Gained mutation: Your spells are a little harder to cast,
                  | but a little more powerful. [potion of mutation]
  7525 | D:8      | Gained mutation: Your system is resistant to poisons.
                  | (rPois) [potion of mutation]
  7583 | D:8      | Reached **** piety under Makhleb
  7685 | D:8      | Found a sacrificial altar of Ru.
  7712 | D:8      | Found an opulent altar of Gozag.
  7716 | D:8      | Found Ziraw's Antique Weapon Boutique.
  7864 | D:8      | Reached skill level 9 in Long Blades
  8800 | D:8      | Noticed a rust devil
  8800 | D:8      | Noticed a rust devil
  8819 | D:9      | Found a shadowy altar of Dithmenos.
  8886 | D:9      | Found a stormy altar of Qazlal.
  8910 | D:9      | Found Keefrefek's Assorted Antiques.
  8946 | D:9      | Found Goyvawk's Weapon Shoppe.
  8946 | D:9      | Noticed a deep elf mage
  8955 | D:9      | Killed a deep elf mage
  9027 | D:9      | Noticed Grum
  9042 | D:9      | Killed Grum
  9062 | D:9      | Found Haiw's Book Shoppe.
  9132 | D:9      | Noticed a two-headed ogre
  9180 | D:9      | Slain by a two-headed ogre

Skill      XL: |  1  2  3  4  5  6  7  8  9 10 |
---------------+-------------------------------+-----
Long Blades    | 3 4 5 7 8 9 |  9.8
Armour         | 1 2 3 4 5 6 8 |  8.7
Fighting       | 3 4 5 6 7 |  7.4
Invocations    | 2 5 6 |  6.8
Dodging        | 3 4 |  4.3
Throwing       | |  1.7

Action                   |  1- 3 |  4- 6 |  7- 9 | 10-12 || total
-------------------------+-------+-------+-------+-------++-------
Melee: Long sword        |   111 |   185 |   255 |   138 ||   689
       Kick              |       |    75 |   105 |    58 ||   238
       Unarmed           |       |       |     6 |       ||     6
Throw: Throwing net      |       |     1 |     2 |       ||     3
Invok: Lesser Servant of |       |       |     1 |       ||     1
  Use: Potion            |       |       |     6 |     1 ||     7
       Scroll            |       |       |     1 |    11 ||    12
 Stab: Held in net/web   |       |       |     1 |       ||     1
  Eat: Chunk             |       |    11 |     9 |     2 ||    22
       Ration            |       |       |       |     2 ||     2
Armor: Leather armour    |    44 |    79 |    96 |    69 ||   288
       Skin              |       |       |     1 |       ||     1
Dodge: Dodged            |   103 |   135 |   156 |   123 ||   517
       Rpst.: Long sword |    38 |    40 |    43 |    39 ||   160
